 Dungeon Crawl Stone Soup version 0.28.0-53-g5a82cb258f (webtiles) character file.

Game seed: 6703890295119920647

137 Kranky the Sneak (level 5, 0/47 HPs)
             Began as a Gnoll Wanderer on June 24, 2022.
             Slain by an orc wizard
             ... wielding a +3 dagger
              (2 damage)
             ... on level 2 of the Dungeon.
             The game lasted 00:04:25 (2724 turns).

Kranky the Sneak (Gnoll Wanderer)                   Turns: 2724, Time: 00:04:25

Health: 0/47       AC:  6    Str: 12    XL:     5   Next: 20%
Magic:  7/7        EV: 10    Int: 10    God:
Gold:   75         SH:  0    Dex: 14    Spells: 6/6 levels left

rFire   . . .      SeeInvis .   a - +2 dagger
rCold   . . .      Faith    .   (no shield)
rNeg    . . .      Spirit   .   h - +0 ring mail
rPois   .          Reflect  .   o - +0 helmet
rElec   .          Harm     .   (no cloak)
rCorr   .          Rampage  .   (no gloves)
Will    .....                   (no boots)
Stlth   +++.......              (no amulet)
HPRegen 0.15/turn               (no ring)
MPRegen 0.10/turn               (no ring)

@: no status effects
A: fangs 1, strong nose, distributed training
a: no special abilities


You were on level 2 of the Dungeon.
You visited 1 branch of the dungeon, and saw 3 of its levels.

You collected 75 gold pieces.

Inventory:

Hand Weapons
 a - a +2 dagger (weapon)
 c - a +0 spear
Missiles
 i - 6 curare-tipped darts (quivered)
 j - 3 poisoned darts
 q - 3 javelins
Armour
 e - a +0 leather armour
 h - a +0 ring mail (worn)
 o - a +0 helmet (worn)
 p - a +0 plate armour
Scrolls
 g - a scroll of teleportation {unknown}
 k - a scroll of vulnerability {unknown}
 m - a scroll of brand weapon {unknown}
Potions
 b - a potion of invisibility
 d - a potion of attraction
 f - a potion of curing {unknown}
 l - 2 potions of haste {unknown}
 n - a potion of might {unknown}


   Skills:
 + Level 6.6 Fighting
 + Level 1.4 Short Blades
 + Level 1.4 Long Blades
 + Level 1.4 Axes
 + Level 1.4 Maces & Flails
 + Level 2.9 Polearms
 + Level 1.4 Staves
 + Level 1.4 Slings
 + Level 1.4 Bows
 + Level 1.4 Crossbows
 + Level 2.9 Throwing
 + Level 1.4 Armour
 + Level 1.4 Dodging
 + Level 7.9 Stealth
 + Level 1.4 Shields
 + Level 1.4 Unarmed Combat
 + Level 1.4 Spellcasting
 + Level 1.1 Conjurations
 + Level 1.1 Hexes
 + Level 1.1 Summonings
 + Level 1.1 Necromancy
 + Level 1.1 Translocations
 + Level 1.1 Transmutations
 + Level 1.1 Fire Magic
 + Level 1.1 Ice Magic
 + Level 1.1 Air Magic
 + Level 1.1 Earth Magic
 + Level 1.1 Poison Magic
 + Level 1.5 Invocations
 + Level 2.9 Evocations


You had 6 spell levels left.
You didn't know any spells.
Your spell library contained the following spells:

 Spells                   Type           Power      Damage    Failure   Level
 Dazzling Flash           Conj/Hex       4%         N/A       80%         3
 Iskenderun's Mystic Bla  Conj/Tloc      2%         2d3       99%         4
 Starburst                Conj/Fire      1%         6d3       100%        6


Dungeon Overview and Level Annotations

Branches:
Dungeon (3/15)

Altars:
Ashenzari


Innate Abilities, Weirdness & Mutations

You have very sharp teeth.
Your uncanny sense of smell can sniff out nearby items.
Your experience applies equally to all skills.


Message History

You kill the orc!
The orc wizard points at you and mumbles some strange words.
You are confused.
You miss the orc wizard.
You bite the orc wizard, but do no damage.
The orc wizard is lightly wounded.
The orc wizard points at you and mumbles some strange words.
The puff of flame hits you.
* * * LOW HITPOINT WARNING * * *
You bump into the rock wall.
The orc wizard completely misses you. The orc wizard closely misses you.
You closely miss the orc wizard. Your punch misses the orc wizard.
The orc wizard is lightly wounded.
The orc wizard gestures wildly while chanting.
The orc wizard flickers and vanishes!
Deactivating autopickup; reactivate with Ctrl-A.
Something hits you.
* * * LOW HITPOINT WARNING * * *
Things that are here:
a +0 falchion; an orc corpse You barely miss something.
Something hits you.
* * * LOW HITPOINT WARNING * * *
You feel less confused.
A magic dart appears from out of thin air!
The magic dart hits you.
* * * LOW HITPOINT WARNING * * *
You barely miss something. Something hits you but does no damage.
You hit something but do no damage. Something hits you.
* * * LOW HITPOINT WARNING * * *
You closely miss something. Something hits you.
* * * LOW HITPOINT WARNING * * *
You barely miss something. Something hits you but does no damage.
You closely miss something. Something hits you but does no damage.
You miss something. Something hits you but does no damage.
You closely miss something. You hit something but do no damage.
Something hits you but does no damage.
You barely miss something. Something hits you but does no damage.
You barely miss something. Something hits you but does no damage.
You barely miss something. Something hits you.
You die...

..##..## ##.# #.# #.#
#...#### #.##.## #.##
#.###.# ###.####
.....# #..###.##..#
#...## .#...#
##..#...#.## ###..#
####<# ##.#>....# ##..
# #.# ###.....### ##.
# #.# #####....)..# ##
#.# ##.....##.{..# #.#
#..######@#.## ### ###
#.## #.#.# #..
########.# #...# #..
......#..#######...#
#..
#####..(...........###
##.
...##.########.......#
####.
......########.......#
##....
.....................#
#..###
...###########.......#
###.####


There were no monsters in sight!

Vanquished Creatures
  An orc priest (D:2)
  An orc wizard (D:1)
  3 adders
  A dart slug (D:2)
  7 orcs
  3 ball pythons
  4 endoplasms
  4 giant cockroaches
  2 goblins (D:1)
  3 hobgoblins (D:1)
  4 jackals (D:1)
  2 quokkas (D:1)
  3 bats
  2 frilled lizards
  2 kobolds
  5 rats
47 creatures vanquished.

Notes
Turn   | Place    | Note
-------+----------+-------------------------------------------
     0 | D:1      | Kranky the Gnoll Wanderer began the quest for the Orb.
     0 | D:1      | Kranky set off with the following items: a +2 dagger, a
                  | potion of invisibility, a +0 spear, a potion of attraction,
                  | a +0 leather armour
     0 | D:1      | Reached XP level 1. HP: 23/23 MP: 1/1
   234 | D:1      | Reached XP level 2. HP: 28/29 MP: 2/2
   731 | D:1      | Reached XP level 3. HP: 13/35 MP: 2/4
   980 | D:2      | Reached skill level 1 in Invocations
  1071 | D:2      | Found a broken altar of Ashenzari.
  1089 | D:2      | Reached skill level 1 in Short Blades
  1089 | D:2      | Reached skill level 1 in Long Blades
  1089 | D:2      | Reached skill level 1 in Axes
  1089 | D:2      | Reached skill level 1 in Maces & Flails
  1089 | D:2      | Reached skill level 1 in Staves
  1089 | D:2      | Reached skill level 1 in Slings
  1089 | D:2      | Reached skill level 1 in Bows
  1089 | D:2      | Reached skill level 1 in Crossbows
  1089 | D:2      | Reached skill level 1 in Armour
  1089 | D:2      | Reached skill level 1 in Dodging
  1089 | D:2      | Reached skill level 1 in Shields
  1089 | D:2      | Reached skill level 1 in Unarmed Combat
  1089 | D:2      | Reached skill level 1 in Spellcasting
  1089 | D:2      | Reached XP level 4. HP: 35/41 MP: 5/5
  1479 | D:1      | Reached skill level 1 in Conjurations
  1479 | D:1      | Reached skill level 1 in Hexes
  1479 | D:1      | Reached skill level 1 in Summonings
  1479 | D:1      | Reached skill level 1 in Necromancy
  1479 | D:1      | Reached skill level 1 in Translocations
  1479 | D:1      | Reached skill level 1 in Transmutations
  1479 | D:1      | Reached skill level 1 in Fire Magic
  1479 | D:1      | Reached skill level 1 in Ice Magic
  1479 | D:1      | Reached skill level 1 in Air Magic
  1479 | D:1      | Reached skill level 1 in Earth Magic
  1479 | D:1      | Reached skill level 1 in Poison Magic
  1489 | D:1      | HP: 2/41 [orc/boomerang (2)]
  2024 | D:2      | HP: 1/41 [orc priest/nerve-wracking pain (12)]
  2030 | D:2      | Reached XP level 5. HP: 2/47 MP: 5/7
  2716 | D:2      | HP: 1/47 [something (2)]
  2724 | D:2      | Slain by an orc wizard

Illustrated notes

Levels and vault maps discovered:
D:1:      lightli_arrival_statue_moat, layout_rooms, serial_bayou_pond_d
D:2:      layout_rooms, basic_altar
D:3:      layout_rooms

Skill      XL: |  1  2  3  4 |
---------------+-------------+-----
Invocations    | 1 |  1.5
Short Blades   | 1 |  1.4
Long Blades    | 1 |  1.4
Axes           | 1 |  1.4
Maces & Flails | 1 |  1.4
Staves         | 1 |  1.4
Slings         | 1 |  1.4
Bows           | 1 |  1.4
Crossbows      | 1 |  1.4
Armour         | 1 |  1.4
Dodging        | 1 |  1.4
Shields        | 1 |  1.4
Unarmed Combat | 1 |  1.4
Spellcasting   | 1 |  1.4
Conjurations   | 1 |  1.1
Hexes          | 1 |  1.1
Summonings     | 1 |  1.1
Necromancy     | 1 |  1.1
Translocations | 1 |  1.1
Transmutations | 1 |  1.1
Fire Magic     | 1 |  1.1
Ice Magic      | 1 |  1.1
Air Magic      | 1 |  1.1
Earth Magic    | 1 |  1.1
Poison Magic   | 1 |  1.1
Fighting       | |  6.6
Polearms       | |  2.9
Throwing       | |  2.9
Stealth        | |  7.9
Evocations     | |  2.9

Action                   |  1- 3 |  4- 6 || total
-------------------------+-------+-------++-------
Melee: Dagger            |   109 |   119 ||   228
       Bite              |    10 |    20 ||    30
       Punch             |     2 |     3 ||     5
 Stab: Sleeping          |     6 |     2 ||     8
Armor: Ring mail         |    64 |    44 ||   108
Dodge: Dodged            |    87 |    60 ||   147
